 Dungeon Crawl Stone Soup version 0.29.0-13-gc9e81de378 (webtiles) character file.

Game seed: 13392240973937957468

30 freelancePsychic the Sneak (level 3, -6/33 HPs)
             Began as a Meteoran Delver on Sept 10, 2022.
             Splashed by a jelly's acid (7 damage)
             ... on level 4 of the Dungeon.
             The game lasted 00:00:35 (70 turns).

freelancePsychic the Sneak (Meteoran Delver)          Turns: 70, Time: 00:00:35

Health: -6/33      AC: -5    Str: 13    XL:     3   Next: 58%
Magic:  4/4        EV: 13    Int: 11    God:
Gold:   0          SH:  0    Dex: 18    Spells: 2/2 levels left

rFire   . . .      SeeInvis .   a - +0 falchion
rCold   . . .      Faith    .   (no shield)
rNeg    . . .      Spirit   .   b - +0 leather armour
rPois   .          Reflect  .   (no helmet)
rElec   .          Harm     .   (no cloak)
rCorr   .          Rampage  .   (no gloves)
Will    .....                   (no boots)
Stlth   +.........              (no amulet)
HPRegen 0.11/turn               (no ring)
MPRegen 0.09/turn               (no ring)

@: corroded, glowing
A: sense surroundings 1, otherworldly, glowing, explore regen
a: no special abilities


You were on level 4 of the Dungeon.
You visited 1 branch of the dungeon, and saw 2 of its levels.

Inventory:

Hand Weapons
 a - a +0 falchion (weapon)
Armour
 b - a +0 leather armour (worn)
Wands
 g - a wand of digging (3)
Scrolls
 c - a scroll of fog
 d - a scroll of identify {unknown}
 e - a scroll of fear


   Skills:
 + Level 3.7 Fighting
 + Level 3.0 Long Blades
 + Level 3.0 Dodging
 + Level 3.9 Stealth


You had 2 spell levels left.
You didn't know any spells.
Your spell library was empty.

Dungeon Overview and Level Annotations

Branches:
Dungeon (5/15) Zot: 1145
 Temple: D:4-7

Altars:
Gozag


Innate Abilities, Weirdness & Mutations

You passively map a small area around you.
You are easily found by Zot.
You glow in the dark.
You regain HP and MP as you explore.


Message History

The hound barely misses you.
You slash the hound!
You kill the hound!
Your Long Blades skill increases to level 3!
Your Dodging skill increases to level 3!
You have reached level 2!
You have reached level 3!
Your experience leads to an increase in your attributes!
Increase (S)trength, (I)ntelligence, or (D)exterity?
You feel agile. x3
You slash the endoplasm!
You kill the endoplasm!
Found a scroll labelled SANOYW ACZUFOI.
A jelly comes into view.
Your extra speed is starting to run out.
You see here a scroll labelled SANOYW ACZUFOI.
d - a scroll labelled SANOYW ACZUFOI The jelly quivers.
The jelly hits you but does no damage.
You hit the jelly. The acid corrodes you!
Your hands burn!
You punch the jelly, but do no damage.
The jelly is lightly wounded.
You barely miss the jelly.
The jelly is lightly wounded.
You feel yourself slow down. The jelly hits you.
You are splashed with acid!
You hit the jelly.
Your hands burn!
The jelly is moderately wounded.
The jelly closely misses you.
You hit the jelly but do no damage.
Your hands burn!
The jelly is moderately wounded.
The jelly hits you. The acid corrodes you!
You are splashed with acid!
* * * LOW HITPOINT WARNING * * *
You hit the jelly but do no damage.
Your hands burn!
* * * LOW HITPOINT WARNING * * *
The jelly is moderately wounded.
The jelly hits you.
* * * LOW HITPOINT WARNING * * *
You are splashed with acid!
You die...

* * * * ** *
**### * ,, ,
..# * * * ####
#.# , ##...##
#.# * ,
#.....###.###.#
,
#...J@........#
* ,
#.....###.#####
, ##...## #.# *
* ##.#* #.# ,
... #.####### *
* ####*
#.......# * , *
#######.# * * *
####.# #....#


You could see a jelly.

Vanquished Creatures
  A hound (D:4)
  An endoplasm (D:4)
2 creatures vanquished.

Notes
Turn   | Place    | Note
-------+----------+-------------------------------------------
     0 | D:5      | freelancePsychic the Meteoran Delver began the quest for
                  | the Orb.
     0 | D:5      | Reached XP level 1. HP: 19/19 MP: 2/2
     0 | D:5      | Found an opulent altar of Gozag.
    10 | D:5      | Noticed an iguana
    17 | D:5      | Noticed a scorpion
    18 | D:5      | Noticed a hound
    20 | D:5      | Noticed a gnoll bouda
    22 | D:5      | Noticed a scorpion
    36 | D:4      | Killed a hound
    37 | D:4      | Reached XP level 2. HP: 13/27 MP: 3/3
    37 | D:4      | Reached XP level 3. HP: 17/33 MP: 4/4
    70 | D:4      | HP: 1/33 [jelly (2)]
    70 | D:4      | Splashed by a jelly's acid

Illustrated notes

Levels and vault maps discovered:
D:4:      layout_loops_ring, gammafunk_temple_overflow_statue,
          nicolae_qazlal_style_of_elements
D:5:      layout_basic, old_standard_altar, nicolae_overflow_hidden_temple,
          uniq_grinder

Skill      XL: |  1 |
---------------+----+-----
Long Blades    | 3 |  3.0
Dodging        | 3 |  3.0
Fighting       | |  3.7
Stealth        | |  3.9

Action                   || total
-------------------------++-------
Melee: Falchion          ||    14
       Punch             ||     1
  Use: Scroll            ||     1
       Potion            ||     1
Armor: Leather armour    ||     3
Dodge: Dodged            ||     4
